 Dungeon Crawl Stone Soup version 0.29.1-2-gbd0b4ee654 (webtiles) character file.

Game seed: 5231901996353582092

2 Descartes the Sneak (level 1, -1/12 HPs)
             Began as a Deep Elf Wanderer on Nov 2, 2022.
             Slain by a goblin
             ... wielding a +0 club
              (2 damage)
             ... on level 1 of the Dungeon.
             The game lasted 00:00:53 (218 turns).

Descartes the Sneak (Deep Elf Wanderer)              Turns: 218, Time: 00:00:54

Health: -1/12      AC:  3    Str:  6    XL:     1   Next: 33%
Magic:  4/5        EV: 10    Int: 19    God:
Gold:   18         SH:  6    Dex: 14    Spells: 2/3 levels left

rFire   . . .      SeeInvis .   a - +0 dagger
rCold   . . .      Faith    .   e - +2 buckler
rNeg    . . .      Spirit   .   d - +0 robe
rPois   .          Reflect  .   (no helmet)
rElec   .          Harm     .   b - +0 cloak
rCorr   .          Rampage  .   (no gloves)
Will    .....                   (no boots)
Stlth   ++........              (no amulet)
HPRegen 0.04/turn               (no ring)
MPRegen 0.09/turn               (no ring)

@: no status effects
A: no striking features
a: no special abilities


You were on level 1 of the Dungeon.
You visited 1 branch of the dungeon, and saw 1 of its levels.

You collected 18 gold pieces.

Inventory:

Hand Weapons
 a - a +0 dagger (weapon)
Armour
 b - a +0 cloak (worn)
 d - a +0 robe (worn)
 e - a +2 buckler (worn)
Scrolls
 c - a scroll of blinking
Potions
 f - a potion of might {unknown}


   Skills:
 - Level 1.0 Fighting
 - Level 2.4 Stealth
 + Level 2.4 Shields
 + Level 1.7 Spellcasting
 + Level 0.2 Conjurations
 + Level 1.5 Hexes
 - Level 2.1 Evocations


You had 2 spell levels left.
You knew the following spells:

 Your Spells              Type           Power      Damage    Failure   Level
a - Slow                  Hex            28%        N/A       12%         1

Your spell library contained the following spells:

 Spells                   Type           Power      Damage    Failure   Level
 Summon Guardian Golem    Hex/Summ       4%         N/A       45%         3


Dungeon Overview and Level Annotations

Branches:
Dungeon (1/15)

Altars:


Message History

The goblin barely misses you.
You hit the goblin.
The goblin is moderately wounded.
The goblin hits you with a +0 club.
You hit the goblin but do no damage.
The goblin is moderately wounded.
The goblin barely misses you.
You barely miss the goblin.
The goblin is moderately wounded.
You block the bat's attack. You block the goblin's attack. The bat hits you.
You miss the goblin.
The goblin is moderately wounded.
The bat closely misses you. You block the goblin's attack.
The goblin attacks as you move away! You block the goblin's attack.
The bat barely misses you. x2
The goblin attacks as you move away! The goblin closely misses you.
The bat hits you. You block the bat's attack. The bat barely misses you.
The goblin attacks as you move away! The goblin hits you with a +0 club.
The bat barely misses you. The goblin attacks as you move away!
You block the goblin's attack. The bat barely misses you.
Casting: Slow (safe; 12% risk of failure)
Confirm with . or Enter, or press ? or * to list all spells.
Aiming: Slow (safe; 12% risk of failure)
Press: ? - help, Shift-Dir - straight line, f - goblin
Aim: a goblin, wielding a +0 club (moderately wounded, chance to affect: 62%)
The goblin seems to slow down.
The bat hits you but does no damage. The goblin hits you but does no damage.
You barely miss the goblin.
The goblin is moderately wounded.
The bat closely misses you.
You closely miss the goblin.
The goblin is moderately wounded.
The bat barely misses you. The goblin hits you with a +0 club. x2
* * * LOW HITPOINT WARNING * * *
You closely miss the goblin.
The goblin is moderately wounded.
You block the bat's attack. The goblin hits you with a +0 club.
You die...

#..###..# #..# .
#..# #..#####..##.
#..# #.........#..
#..###.........#.#
#..............#.#
#........####..#.#
#....b...# #..#.#
#..####..# #....#
#.. #.@# #..#.# #.
#gg####..#.#
#....†...#.#
.####........#.#
.............#.#
....(...###..#..
.........# #..#..
..#####..# #..# .
#..# #..#


You could see 2 goblins and a bat.

Vanquished Creatures
  An endoplasm (D:1)
  A frilled lizard (D:1)
  A rat (D:1)
3 creatures vanquished.

Notes
Turn   | Place    | Note
-------+----------+-------------------------------------------
     0 | D:1      | Descartes the Deep Elf Wanderer began the quest for the
                  | Orb.
     0 | D:1      | Descartes set off with the following items: a +0 dagger, a
                  | +0 cloak, a scroll of blinking, a +0 robe, a +2 buckler;
                  | and the following spell memorised: Slow; and the following
                  | spells available to memorise: Summon Guardian Golem.
     0 | D:1      | Reached XP level 1. HP: 12/12 MP: 5/5
   218 | D:1      | Slain by a goblin

Illustrated notes

Levels and vault maps discovered:
D:1:      dpeg_arrival_boxorama, layout_basic, hangedman_decor_points

Action                   || total
-------------------------++-------
Melee: Dagger            ||    18
 Cast: Slow              ||     1
Armor: Robe              ||     4
Dodge: Dodged            ||    14
Block: Buckler           ||     8
